 Dungeon Crawl Stone Soup version 0.23.2-40-g277498a001 (webtiles) character file.

Game seed: 12323353606968235795

154409 Amplified the Victor of a Thousand Battles (level 18, -1/145 HPs)
             Began as a Formicid Fighter on Oct 1, 2019.
             Was the Champion of Okawaru.
             Slain by an emperor scorpion (19 damage)
             ... on level 1 of the Spider Nest.
             The game lasted 00:49:17 (29546 turns).

Amplified the Victor of a Thousand Battles (FoFi)  Turns: 29546, Time: 00:49:17

Health: -1/145     AC: 20    Str: 27    XL:     18   Next: 25%
Magic:  26/31      EV: 16    Int: 16    God:    Okawaru [******]
Gold:   893        SH: 24    Dex: 13    Spells: 17/17 levels left

rFire    . . .     SeeInvis +   G - +6 lajatang of Darkness {vamp, rPois Dex+3}
rCold    + . .     Gourm    .   I - +1 large shield of Vanity {+Fly}
rNeg     + . .     Faith    .   i - +3 ring mail of Limited Liability {MR+ rCorr Stlth-}
rPois    +         Spirit   .   (helmet unavailable)
rElec    .         Reflect  .   q - +2 cloak {rPois}
rCorr    +         Harm     .   K - +1 pair of gloves of Beogh's Generosity {+Blink rPois rN+ Int+6}
MR       +++..                  Q - +2 pair of boots {Fly}
Stlth    ++........             L - amulet of regeneration
HPRegen  0.74/turn              o - ring of Zastriel {+Fly rPois MR+ Stlth+}
MPRegen  0.22/turn              S - +4 ring of slaying

@: finesse, flying, studying Earth Magic
A: permanent stasis, dig shafts and tunnels, four strong arms, antennae 3, cold
resistance 1, mutation resistance 1
a: Dig, Shaft Self, Heroism, Finesse, Renounce Religion, Stop Flying


You were on level 1 of the Spider Nest.
You worshipped Okawaru.
Okawaru was exalted by your worship.
You were not hungry.

You visited 6 branches of the dungeon, and saw 29 of its levels.
You also visited: Gauntlet and Ice Cave.

You collected 2703 gold pieces.
You spent 1810 gold pieces at shops.

Inventory:

Hand Weapons
 a - the +10 longbow of Blind Justice {freeze, Stlth+, unknown}
   (You found it on level 6 of the Lair of Beasts)

   It causes projectiles fired from it to freeze those they strike, causing
   extra injury to most foes and up to half again as much damage against
   particularly susceptible opponents.
   They can also slow down cold-blooded creatures.
   It makes you more stealthy.
 j - a +3 lajatang of speed
 y - the +3 quarterstaff of Due Proportion {holy, rPois rF+ Str-2}
   (Okawaru gifted it to you in an ice cave)

   It has been blessed by the Shining One to cause great damage to the undead
   and demons.
   It affects your strength (-2).
   It protects you from fire.
   It protects you from poison.
 G - the +6 lajatang of Darkness (weapon) {vamp, rPois Dex+3}
   (Okawaru gifted it to you on level 6 of the Lair of Beasts)

   It inflicts no extra harm, but heals its wielder when it wounds a living foe.
   It affects your dexterity (+3).
   It protects you from poison.
 O - a +2 quarterstaff of flaming
Missiles
 T - 2 poisoned javelins (quivered)
Armour
 c - the cursed +1 leather armour of Qeicrolu {+Fly rC+ Dex-5 Stlth+, unknown}
   (You found it on level 6 of the Lair of Beasts)

   It affects your dexterity (-5).
   It protects you from cold.
   It lets you fly.
   It makes you more stealthy.
   It has a curse placed upon it.
 d - a +2 chain mail of fire resistance
 i - the +3 ring mail of Limited Liability (worn) {MR+ rCorr Stlth-}
   (You found it on level 7 of the Dungeon)

   It affects your resistance to hostile enchantments.
   It provides partial protection from all sources of acid and corrosion.
   It makes you less stealthy.
 q - a +2 cloak of poison resistance (worn)
 s - a +2 pair of gloves
 I - the +1 large shield of Vanity (worn) {+Fly}
   (You bought it in a shop on level 2 of the Orcish Mines)

   It lets you fly.
 K - the +1 pair of gloves of Beogh's Generosity (worn) {+Blink rPois rN+ Int+6}
   (You found it in an ice cave)

   It affects your intelligence (+6).
   It protects you from poison.
   It protects you from negative energy.
   It lets you blink.
 Q - a +2 pair of boots of flying (worn)
Jewellery
 o - the ring of Zastriel (left hand) {+Fly rPois MR+ Stlth+}
   (You found it in a Gauntlet)

   [ring of protection from magic]

   It protects you from poison.
   It affects your resistance to hostile enchantments.
   It lets you fly.
   It makes you more stealthy.
 v - an uncursed ring of protection from cold
 H - an uncursed ring of protection from fire
 L - an amulet of regeneration (around neck)
 P - an uncursed ring of see invisible {unknown}
 S - a +4 ring of slaying (right hand)
 U - an uncursed ring of ice
Wands
 g - a wand of flame (26)
 k - a wand of polymorph (18)
 l - a wand of iceblast (21)
 x - a wand of digging (8)
 A - a wand of paralysis (20)
 C - a wand of clouds (18)
 D - a wand of enslavement (20)
 J - a wand of disintegration (34)
Scrolls
 b - 3 scrolls of amnesia
 h - 14 scrolls of remove curse
 p - 3 scrolls of enchant armour
 u - 3 scrolls of fog
 w - 3 scrolls of magic mapping
 M - 3 scrolls of fear
Potions
 e - a potion of cancellation
 m - 11 potions of mutation
 r - 4 potions of magic
 t - 2 potions of might
 z - 3 potions of brilliance
 B - 3 potions of degeneration
 E - a potion of ambrosia
 F - 5 potions of curing
Books
 n - a manual of Earth Magic
Miscellaneous
 N - a phial of floods
Comestibles
 f - 26 rations


   Skills:
 * Level 13.8 Fighting
 - Level 14.0 Staves
 * Level 13.0 Armour
 * Level 9.1 Dodging
 - Level 5.1 Stealth
 - Level 18.6 Shields
 * Level 4.1 Earth Magic
 - Level 19.3 Invocations


You had 17 spell levels left.
You didn't know any spells.
Your spell library contained the following spells:

 Spells                   Type           Power        Failure   Level  Hunger
 Animate Skeleton         Necr           N/A          32%         1    ##.....
 Flame Tongue             Conj/Fire      #....        32%         1    ##.....
 Freeze                   Ice            #...         32%         1    ##.....
 Magic Dart               Conj           #...         32%         1    ##.....
 Pain                     Necr           #...         32%         1    ##.....
 Summon Butterflies       Summ           #.......     32%         1    ##.....
 Summon Small Mammal      Summ           #...         32%         1    ##.....
 Call Imp                 Summ           #.......     45%         2    ###....
 Searing Ray              Conj           #.....       45%         2    ###....
 Slow                     Hex            #.......     45%         2    ###....
 Throw Flame              Conj/Fire      #.....       45%         2    ###....
 Throw Frost              Conj/Ice       #.....       45%         2    ###....
 Conjure Flame            Conj/Fire      #.......     69%         3    ####...
 Dazzling Spray           Conj/Hex       #.....       69%         3    ####...
 Inner Flame              Hex/Fire       #.......     69%         3    ####...
 Mephitic Cloud           Conj/Pois/Air  #.......     69%         3    ####...
 Ozocubu's Armour         Chrm/Ice       #.......     69%         3    ####...
 Recall                   Summ/Tloc      N/A          69%         3    ####...
 Regeneration             Chrm/Necr      #.........   69%         3    ####...
 Summon Guardian Golem    Hex/Summ       #.......     69%         3    ####...
 Vampiric Draining        Necr           #.........   69%         3    ####...
 Animate Dead             Necr           N/A          97%         4    #####..
 Force Lance              Conj/Tloc      #.......     97%         4    #####..
 Fulminant Prism          Conj/Hex       #.........   97%         4    #####..
 Iskenderun's Mystic Bla  Conj           #.......     97%         4    #####..
 Sticky Flame             Conj/Fire      #.......     97%         4    #####..
 Summon Ice Beast         Ice/Summ       #.......     97%         4    #####..
 Throw Icicle             Conj/Ice       #.......     97%         4    #####..
 Borgnjor's Vile Clutch   Necr/Erth      #.........   99%         5    ######.
 Fireball                 Conj/Fire      #.........   100%        5    ######.
 Death Channel            Necr           #.........   100%        6    #######
 Shadow Creatures         Summ           N/A          100%        6    #######
 Simulacrum               Ice/Necr       #.........   100%        6    #######
 Malign Gateway           Summ/Tloc      #.........   100%        7    #######
 Spellforged Servitor     Conj/Summ      #.........   100%        7    #######
 Summon Hydra             Summ           #.........   100%        7    #######
 Blink                    Tloc           Unusable     N/A         2    N/A

Dungeon Overview and Level Annotations

Branches:
Dungeon (15/15)            Temple (1/1) D:5            Lair (6/6) D:11
  Swamp (0/4) Lair:2       Spider (2/4) Lair:4        Slime (0/5) Lair:5
    Orc (2/2) D:9             Elf (3/3) Orc:2        Vaults (0/5) D:13
 Depths (0/5) D:15

Altars:
Ashenzari
Cheibriados
Dithmenos
Elyvilon
Fedhas
Gozag
Hepliaklqana
Kikubaaqudgha
Makhleb
Nemelex Xobeh
Okawaru
Qazlal
Ru
Sif Muna
Trog
Uskayaw
Vehumet
Wu Jian
Xom
Yredelemnul
Zin
The Shining One
Jiyva

Shops:
D:13 %   D:15 *   Orc:1 [?*   Orc:2 [=[**((*(

Annotations:
D:15 exclusion: Roxanne, Roxanne
Lair:5 1 runed translucent door
Elf:2 5 runed translucent doors


Innate Abilities, Weirdness & Mutations

You cannot be hasted, slowed, berserked, paralysed or teleported.
You can dig through walls and to a lower floor.
Your four strong arms can wield two-handed weapons with a shield.
You have a pair of large antennae on your head. (SInv)
Your flesh is cold resistant. (rC+)
You are somewhat resistant to further mutation.


Message History

The emperor scorpion claws you but does no damage.
Unknown command.
You slash the emperor scorpion!
The emperor scorpion is severely wounded.
Unknown command.
Okay, then.
You hit the emperor scorpion but do no damage.
The emperor scorpion is severely wounded.
The emperor scorpion stings you but does no damage.
The emperor scorpion barely misses you.
You block the emperor scorpion's attack.
Unknown command.
You hit the emperor scorpion.
You feel better.
The emperor scorpion is severely wounded.
Unknown command.
You hit the emperor scorpion.
You feel better.
The emperor scorpion is severely wounded.
You block the emperor scorpion's attack. x2
The emperor scorpion claws you!!
You die...

.....s.......#.#####
?.........####..^..##
........###.........#
.......^............#
....#........###..###
.>..#..........####
....#..........#.<##
....#...........s..#
....##....(##..[@..#
##.....#......#
#.....##.#....#
#..#...###^####
##^#....#### ###....#
######


You could see an emperor scorpion (berserk).

Vanquished Creatures
  An Ice Fiend (IceCv)
  Kirke (Elf:1)
  An orc warlord (Orc:2)
  2 entropy weavers (Lair:4)
  2 deep elf demonologists
  6 dire elephants
  Azrael (D:15)
  Snorg (Lair:3)
  A minotaur (Gauntlet)
  A death ooze (Gauntlet)
  A deep elf death mage (Elf:1)
  Harold (D:8)
  8 hydras
  4 centaur warriors
  A vault guard (D:13)
  A catoblepas (D:14)
  A death knight (D:15)
  An anaconda (Lair:6)
  2 two-headed ogres
  16 dancing weapons
  A hell beast (Gauntlet)
  A queen ant (Lair:4)
  A tengu warrior (D:11)
  6 death yaks (Lair:6)
  2 orc high priests (Orc:2)
  9 deep elf knights
  A soul eater (Gauntlet)
  A skeletal warrior (D:15)
  An unseen horror (D:15)
  A lindwurm (Lair:4)
  5 orc knights (Orc:2)
  10 deep elf archers
  53 deep elf magi
  An orb spider (Spider:1)
  A wolf spider zombie (D:13)
  3 orc sorcerers
  4 cyclopes
  4 manticores
  A mana viper (D:10)
  10 ugly things
  Maurice (D:11)
  A moth of wrath (Spider:1)
  An ice statue (IceCv)
  8 elephants
  7 centaur zombies
  8 black mambas
  A torpor snail (Lair:3)
  3 centaur skeletons
  9 spiny frogs
  4 molten gargoyles (D:10)
  2 gargoyles (D:11)
  11 komodo dragons
  A komodo dragon (shapeshifter) (Elf:2)
  2 rime drakes
  7 freezing wraiths
  4 anaconda simulacra (IceCv)
  A golden dragon simulacrum (IceCv)
  A jumping spider (Spider:1)
  3 trolls
  A yaktaur (D:11)
  5 ice devils (IceCv)
  6 slime creatures
  2 hornets
  A hornet (shapeshifter) (D:15)
  2 polar bears
  14 dream sheep
  6 hippogriffs
  Grinder (D:5)
  12 blink frogs
  Sigmund (D:4)
  An air elemental (Elf:3)
  A tarantella (Lair:4)
  2 redbacks (Lair:4)
  A water elemental (D:14)
  37 yaks
  6 wraiths
  4 wyverns
  2 dire elephant simulacra (IceCv)
  A hog (Elf:1)
  4 fire elementals
  A shadow (D:15)
  A hungry ghost (D:11)
  12 vampire mosquitoes
  A steam dragon (D:12)
  Eustachio (D:5)
  2 death yak simulacra (IceCv)
  A swamp worm (Lair:2)
  2 harpy simulacra (IceCv)
  A naga (D:6)
  Edmund (D:5)
  8 wargs
  An acid dragon (D:15)
  2 iron troll simulacra (IceCv)
  27 soldier ants (Lair:4)
  14 water moccasins
  9 porcupines
  5 hell hounds
  3 hydra simulacra (IceCv)
  A hornet zombie (D:8)
  2 eyes of draining
  20 orc warriors
  11 ice beasts
  An ettin simulacrum (IceCv)
  A sky beast (D:14)
  2 phantoms
  4 black bears
  12 ogres
  2 necrophages
  13 centaurs
  13 wolves
  13 crocodiles
  6 big kobolds
  20 bullfrogs
  2 wyvern zombies
  An earth elemental (Elf:1)
  A gnoll sergeant (D:7)
  A wyvern skeleton (D:11)
  5 scorpions
  An elephant simulacrum (IceCv)
  5 wights (D:12)
  19 killer bees
  3 electric eels
  6 crimson imps
  2 draconian simulacra (IceCv)
  A quasit (D:11)
  6 bullfrog skeletons
  A bullfrog zombie (D:6)
  13 hounds
  5 jellies
  17 orc priests
  8 orc wizards
  6 iguanas
  29 worker ants
  A polar bear simulacrum (IceCv)
  2 troll simulacra (IceCv)
  2 wolf simulacra (IceCv)
  2 spriggan simulacra (IceCv)
  A killer bee zombie (D:8)
  A bullfrog simulacrum (D:11)
  2 hound zombies
  3 worker ant zombies
  14 adders
  4 gnolls (D:7)
  2 howler monkey skeletons
  2 naga simulacra (IceCv)
  9 shadow imps
  5 white imps (IceCv)
  5 ufetubi (IceCv)
  2 oozes (D:2)
  2 adder skeletons
  A worm (Lair:4)
  A worm (shapeshifter) (D:11)
  A dart slug (D:2)
  2 leopard geckos (D:8)
  50 orcs
  A ball python (D:1)
  10 giant cockroaches
  4 goblins
  12 hobgoblins
  2 jackals (D:1)
  23 kobolds
  5 quokkas
  9 bats
  6 frilled lizards
  A leopard gecko skeleton (D:7)
  A leopard gecko zombie (D:5)
  2 quokka zombies
  8 rats
  5 plants
902 creatures vanquished.

Vanquished Creatures (others)
  A deep elf mage (Elf:1)
  5 humans (Elf:1)
  A gnoll sergeant (D:7)
  A white imp (IceCv)
  An ufetubus (IceCv)
  A hobgoblin (D:7)
  A kobold (D:7)
  A bush (Lair:6)
  25 fungi
  15 plants
  3 toadstools (Lair:4)
  3 withered plants (Gauntlet)
58 creatures vanquished.

Grand Total: 960 creatures vanquished

Notes
Turn   | Place    | Note
-------+----------+-------------------------------------------
     0 | D:1      | Amplified the Formicid Fighter began the quest for the Orb.
     0 | D:1      | Reached XP level 1. HP: 18/18 MP: 1/1
    63 | D:1      | Reached XP level 2. HP: 17/24 MP: 2/2
   224 | D:1      | Reached skill level 1 in Stealth
   554 | D:1      | Reached XP level 3. HP: 29/29 MP: 3/3
  1330 | D:2      | Reached XP level 4. HP: 36/37 MP: 4/4
  1439 | D:2      | Found an ancient bone altar of Kikubaaqudgha.
  1749 | D:3      | Gained mutation: Your flesh is cold resistant. (rC+)
                  | [potion of mutation]
  1749 | D:3      | Gained mutation: You are somewhat resistant to further
                  | mutation. [potion of mutation]
  1817 | D:3      | Reached XP level 5. HP: 30/42 MP: 5/5
  2513 | D:4      | Noticed Sigmund
  2513 | D:4      | Noticed a phantom
  2714 | D:3      | Killed a phantom
  2714 | D:3      | Reached XP level 6. HP: 30/49 MP: 6/6
  2945 | D:4      | Noticed an ogre
  2954 | D:4      | Killed an ogre
  2954 | D:4      | Reached skill level 5 in Shields
  2954 | D:4      | Reached XP level 7. HP: 44/55 MP: 7/7
  3253 | D:4      | Reached skill level 5 in Armour
  3261 | D:4      | Reached skill level 5 in Fighting
  3566 | D:4      | Killed Sigmund
  3566 | D:4      | Reached XP level 8. HP: 62/62 MP: 8/8
  3697 | D:4      | Found a hide-covered altar of Uskayaw.
  3716 | D:5      | Entered Level 5 of the Dungeon
  3786 | D:5      | Found a staircase to the Ecumenical Temple.
  3810 | D:5      | Reached skill level 5 in Stealth
  3831 | Temple   | Entered the Ecumenical Temple
  3975 | Temple   | Became a worshipper of Warmaster Okawaru
  3993 | D:5      | Found a white marble altar of Elyvilon.
  3993 | D:5      | Found an ornate altar of the Wu Jian Council.
  4021 | D:5      | Noticed a wyvern
  4038 | D:5      | Killed a wyvern
  4038 | D:5      | Reached skill level 1 in Invocations
  4285 | D:5      | Noticed Grinder
  4314 | D:5      | Killed Grinder
  4314 | D:5      | Reached * piety under Okawaru
  4314 | D:5      | Reached skill level 2 in Invocations
  4429 | D:5      | Noticed Eustachio
  4443 | D:5      | Killed Eustachio
  4443 | D:5      | Reached skill level 5 in Staves
  4443 | D:5      | Reached XP level 9. HP: 61/69 MP: 10/10
  4460 | D:5      | Noticed Edmund
  4463 | D:5      | Found a snail-covered altar of Cheibriados.
  4511 | D:5      | Killed Edmund
  4758 | D:5      | Reached skill level 3 in Invocations
  4944 | D:5      | Found a blossoming altar of Fedhas.
  5688 | D:6      | Reached skill level 4 in Invocations
  6134 | D:7      | Got a translucent ring mail
  6161 | D:7      | Identified the +3 ring mail of Limited Liability {MR+ rCorr
                  | Stlth-} (You found it on level 7 of the Dungeon)
  6201 | D:7      | Reached ** piety under Okawaru
  6303 | D:7      | Reached XP level 10. HP: 74/79 MP: 13/13
  6406 | D:7      | Reached skill level 5 in Invocations
  6816 | D:7      | Identified Asmodeus's Incunabulum of the Entourage
  6888 | D:7      | Reached *** piety under Okawaru
  7457 | D:8      | Noticed Harold
  7476 | D:8      | Killed Harold
  7476 | D:8      | Reached skill level 6 in Invocations
  7693 | D:8      | Reached **** piety under Okawaru
  7773 | D:8      | Reached XP level 11. HP: 87/87 MP: 15/15
  8254 | D:9      | Reached skill level 7 in Invocations
  8575 | D:9      | Found a staircase to the Orcish Mines.
  8741 | D:9      | Found a glowing silver altar of Zin.
  8971 | D:9      | Noticed a three-headed hydra
  8992 | D:9      | Killed a three-headed hydra
  9116 | D:10     | Entered Level 10 of the Dungeon
  9149 | D:10     | You fall through a shaft for 3 floors!
  9149 | D:13     | Found Lakuck's Food Shoppe.
  9149 | D:13     | Noticed a cyclops
  9153 | D:13     | Noticed a red ugly thing
  9153 | D:13     | Noticed a centaur warrior
  9158 | D:13     | Noticed a vault guard
  9180 | D:13     | Killed a centaur warrior
  9180 | D:13     | Reached skill level 10 in Shields
  9191 | D:13     | Killed a red ugly thing
  9191 | D:13     | Reached ***** piety under Okawaru
  9213 | D:13     | You fall through a shaft for 2 floors!
  9213 | D:15     | Entered Level 15 of the Dungeon
  9213 | D:15     | Found Wanoe's Changing Room.
  9217 | D:15     | Bought a potion of mutation for 80 gold pieces
  9217 | D:15     | Bought a potion of mutation for 80 gold pieces
  9217 | D:15     | Bought a potion of mutation for 80 gold pieces
  9217 | D:15     | Bought a potion of mutation for 80 gold pieces
  9461 | D:15     | Noticed a centaur warrior
  9465 | D:15     | Reached skill level 8 in Invocations
  9476 | D:15     | Killed a centaur warrior
  9674 | D:15     | Noticed a cyclops
  9685 | D:15     | Killed a cyclops
  9685 | D:15     | Received a gift from Okawaru
  9685 | D:15     | Reached XP level 12. HP: 47/96 MP: 18/18
  9895 | D:15     | Identified a scroll of acquirement
 10029 | D:15     | Noticed Azrael
 10057 | D:15     | Killed Azrael
 10057 | D:15     | Reached skill level 10 in Staves
 10327 | D:15     | Noticed an unseen horror
 10328 | D:15     | Noticed a skeletal warrior
 10367 | D:15     | Killed an unseen horror
 10387 | D:15     | Killed a skeletal warrior
 10760 | D:15     | Noticed Roxanne
 10775 | D:15     | Noticed a death knight
 10799 | D:15     | Killed a death knight
 11351 | D:15     | Noticed a dire elephant
 11366 | D:15     | Reached XP level 13. HP: 81/101 MP: 16/19
 11375 | D:15     | Killed a dire elephant
 11503 | D:15     | Found a staircase to the Depths.
 11734 | D:14     | Reached ****** piety under Okawaru
 11771 | D:14     | Received a gift from Okawaru
 11779 | D:14     | Noticed a catoblepas
 11792 | D:14     | Killed a catoblepas
 11792 | D:14     | Reached skill level 1 in Dodging
 12127 | D:14     | Reached skill level 10 in Fighting
 12217 | D:14     | Noticed a centaur warrior
 12234 | D:14     | Killed a centaur warrior
 12234 | D:14     | Reached skill level 9 in Invocations
 13032 | D:13     | Killed a vault guard
 13350 | D:13     | Found a gate to the Vaults.
 13406 | D:13     | Noticed a centaur warrior
 13409 | D:13     | Killed a centaur warrior
 13409 | D:13     | Reached skill level 10 in Invocations
 13499 | D:13     | Reached XP level 14. HP: 111/111 MP: 21/21
 13908 | D:12     | Reached skill level 10 in Armour
 13933 | D:12     | Received a gift from Okawaru
 14540 | D:12     | Reached skill level 5 in Dodging
 15627 | D:10     | You fall through a shaft!
 15743 | D:11     | Found a shimmering altar of Xom.
 15743 | D:11     | Found a shimmering altar of Xom.
 15745 | D:11     | Found a shimmering altar of Xom.
 15746 | D:11     | Found a shimmering altar of Xom.
 15746 | D:11     | Found a shimmering altar of Xom.
 15746 | D:11     | Found a shimmering altar of Xom.
 15747 | D:11     | Found a shimmering altar of Xom.
 15747 | D:11     | Found a shimmering altar of Xom.
 16103 | D:11     | Noticed Maurice
 16122 | D:11     | Killed Maurice
 16122 | D:11     | Reached skill level 11 in Invocations
 16440 | D:11     | Found a staircase to the Lair.
 16570 | D:10     | Noticed Urug
 16572 | D:10     | Noticed Urug
 16572 | D:10     | Urug changed into Urug the mana viper
 16577 | D:10     | Killed Urug the mana viper
 16741 | D:10     | Reached skill level 12 in Invocations
 17569 | Lair:1   | Entered Level 1 of the Lair of Beasts
 18334 | Lair:2   | Reached skill level 13 in Invocations
 18344 | Lair:2   | Received a gift from Okawaru
 18726 | Lair:2   | Found a staircase to the Swamp.
 18988 | Lair:3   | Reached skill level 14 in Invocations
 19368 | Lair:3   | Reached XP level 15. HP: 120/120 MP: 26/26
 19408 | Lair:3   | Reached skill level 15 in Invocations
 19713 | Lair:3   | Noticed Snorg
 19724 | Lair:3   | Killed Snorg
 19994 | Lair:4   | Reached skill level 16 in Invocations
 20206 | Lair:4   | Reached skill level 17 in Invocations
 20299 | Lair:5   | You fall through a shaft!
 20299 | Lair:6   | Entered Level 6 of the Lair of Beasts
 20380 | Lair:5   | Found a runed translucent door.
 20380 | Lair:5   | Found a viscous altar of Jiyva.
 20380 | Lair:5   | Noticed an azure jelly
 20381 | Lair:5   | Found a staircase to the Slime Pits.
 20381 | Lair:5   | Noticed an azure jelly
 20392 | Lair:5   | Found a gate leading to a gauntlet.
 20394 | Lair:5   | You fall through a shaft!
 20506 | Gauntlet | Entered a Gauntlet
 20506 | Gauntlet | Found a large runed translucent door.
 20506 | Gauntlet | Found a large runed translucent door.
 20506 | Gauntlet | Found a large runed translucent door.
 20506 | Gauntlet | Found a large runed translucent door.
 20506 | Gauntlet | Found a large runed translucent door.
 20506 | Gauntlet | Found a large runed translucent door.
 20506 | Gauntlet | Found a runed translucent door.
 20506 | Gauntlet | Found a transporter.
 20506 | Gauntlet | Found a transporter.
 20506 | Gauntlet | Found a runed translucent door.
 20506 | Gauntlet | Found a large runed translucent door.
 20506 | Gauntlet | Found a large runed translucent door.
 20506 | Gauntlet | Found a large runed translucent door.
 20506 | Gauntlet | Found a large runed translucent door.
 20506 | Gauntlet | Found a large runed translucent door.
 20506 | Gauntlet | Found a large runed translucent door.
 20510 | Gauntlet | Found a transporter.
 20510 | Gauntlet | Found a transporter.
 20519 | Gauntlet | Found a transporter.
 20542 | Gauntlet | Found a transporter.
 20548 | Gauntlet | Found a transporter.
 20548 | Gauntlet | Found a transporter.
 20551 | Gauntlet | Found a transporter.
 20578 | Gauntlet | Found a transporter.
 20585 | Gauntlet | Found a transporter.
 20598 | Gauntlet | Found a large runed translucent door.
 20599 | Gauntlet | Found a large runed translucent door.
 20601 | Gauntlet | Found a runed translucent gate.
 20602 | Gauntlet | Found a runed translucent gate.
 20603 | Gauntlet | Found a transporter.
 20603 | Gauntlet | Found a runed translucent gate.
 20621 | Gauntlet | Found a large runed translucent door.
 20622 | Gauntlet | Found a large runed translucent door.
 20649 | Gauntlet | Found a transporter.
 20665 | Gauntlet | Found a transporter.
 20763 | Gauntlet | Found a transporter.
 20778 | Gauntlet | Found a transporter.
 20991 | Gauntlet | Got a vibrating lapis lazuli ring
 21192 | Lair:5   | Reached skill level 18 in Invocations
 21247 | Lair:5   | Received a gift from Okawaru
 21961 | Lair:4   | Found a hole to the Spider Nest.
 22249 | Lair:4   | Found a runed translucent door.
 22731 | Lair:4   | Received a gift from Okawaru
 22833 | Lair:4   | Identified the ring of Zastriel {+Fly rPois MR+ Stlth+}
                  | (You found it in a Gauntlet)
 23151 | Orc:1    | Entered Level 1 of the Orcish Mines
 23151 | Orc:1    | Found Hogeol's Armour Boutique.
 23151 | Orc:1    | Found Cizoov's Magic Scroll Shop.
 23152 | Orc:1    | Found Mahailevi's Assorted Antiques.
 23179 | Orc:1    | Bought a scroll of acquirement for 780 gold pieces
 23188 | Orc:1    | Bought a large garnet amulet for 145 gold pieces
 23188 | Orc:1    | Bought a scroll labeled DUOCSU FE NEU for 29 gold pieces
 23279 | Orc:2    | Entered Level 2 of the Orcish Mines
 23283 | Orc:2    | Found Gano's General Store.
 23341 | Orc:2    | Found a staircase to the Elven Halls.
 23348 | Orc:2    | Found Venaax's Antique Armour Boutique.
 23379 | Orc:2    | Found Toiqoxog's Jewellery Shop.
 23379 | Orc:2    | Noticed an orc warlord
 23398 | Orc:2    | Reached XP level 16. HP: 102/127 MP: 26/29
 23475 | Orc:2    | Bought an ancient large shield for 304 gold pieces
 23514 | Orc:2    | Found Zekkateg's Antique Armour Shoppe.
 23703 | Orc:2    | Found Carry's Assorted Antiques.
 23707 | Orc:2    | Found Seanir's Antique Weapon Shoppe.
 23711 | Orc:2    | Bought a dented steel amulet for 100 gold pieces
 23711 | Orc:2    | Identified the +1 large shield of Vanity {+Fly} (You bought
                  | it in a shop on level 2 of the Orcish Mines)
 23717 | Orc:2    | Found Ici Zoapni's Assorted Antiques.
 23907 | Orc:2    | Found Mudo's Weapon Emporium.
 23920 | Orc:2    | Bought a runed brass wand for 132 gold pieces
 23937 | Orc:2    | Found Mossar's Antique Weapon Shop.
 24230 | Elf:1    | Entered Level 1 of the Elven Halls
 24379 | Elf:1    | Received a gift from Okawaru
 24380 | Elf:1    | Found the +7 lajatang of Order {silver, rMut}
 24382 | Elf:1    | Reached skill level 15 in Shields
 24405 | Elf:1    | Found a frozen archway.
 24425 | IceCv    | Entered an ice cave
 25020 | IceCv    | Noticed an Ice Fiend
 25061 | IceCv    | Killed an Ice Fiend
 25061 | IceCv    | Received a gift from Okawaru
 25062 | IceCv    | Got a twisted quarterstaff {god gift}
 25065 | IceCv    | Identified the +3 quarterstaff of Due Proportion {holy,
                  | rPois rF+ Str-2} (Okawaru gifted it to you in an ice cave)
 25118 | IceCv    | Got a pair of encrusted gloves
 25139 | IceCv    | Identified the +1 pair of gloves of Beogh's Generosity
                  | {+Blink rPois rN+ Int+6} (You found it in an ice cave)
 25345 | Elf:1    | Noticed Kirke
 25369 | Elf:1    | Killed Kirke
 25545 | Elf:1    | Received a gift from Okawaru
 25777 | Elf:1    | Reached XP level 17. HP: 98/135 MP: 30/30
 26364 | Elf:2    | Received a gift from Okawaru
 26393 | Elf:2    | Got an iridescent fustibalus {god gift}
 26403 | Elf:2    | Noticed a Tzitzimitl
 26638 | Elf:2    | Identified the Tome of Summoning
 26719 | Elf:2    | Found a huge runed translucent gate.
 26719 | Elf:2    | Found a huge runed translucent gate.
 26720 | Elf:2    | Found a huge runed translucent gate.
 26721 | Elf:2    | Found a huge runed translucent gate.
 26730 | Elf:2    | Found a huge runed translucent gate.
 26743 | Elf:2    | Received a gift from Okawaru
 26933 | Elf:3    | Entered Level 3 of the Elven Halls
 26942 | Elf:3    | Received a gift from Okawaru
 27182 | Elf:3    | Reached skill level 19 in Invocations
 28109 | Lair:6   | Received a gift from Okawaru
 28112 | Lair:6   | Got a warped lajatang {god gift}
 28113 | Lair:6   | Identified the +6 lajatang of Darkness {vamp, rPois Dex+3}
                  | (Okawaru gifted it to you on level 6 of the Lair of Beasts)
 28249 | Lair:6   | Reached XP level 18. HP: 144/144 MP: 31/31
 28276 | Lair:6   | Got a polished leather armour
 28443 | Lair:6   | Reached skill level 1 in Earth Magic
 29019 | Lair:6   | Got a crystal longbow
 29271 | Spider:1 | Entered Level 1 of the Spider Nest
 29344 | Spider:1 | You are sucked into a shaft!
 29546 | Spider:1 | Slain by an emperor scorpion

Skill      XL: |  1  2  3  4  5  6  7  8  9 10 11 12 13 14 15 16 17 18 |
---------------+-------------------------------------------------------+-----
Stealth        | 1 2 3 4 5 |  5.1
Shields        | 4 5 6 7 9 10 11 18 | 18.6
Fighting       | 4 5 6 7 8 9 10 11 12 13 | 13.8
Staves         | 3 4 5 6 7 8 12 14 | 14.0
Armour         | 4 5 6 7 8 9 10 11 12 13 | 13.0
Invocations    | 2 4 6 8 10 14 18 19 | 19.3
Dodging        | 3 5 6 8 9 |  9.1
Earth Magic    | 4 |  4.1

Action                   |  1- 3 |  4- 6 |  7- 9 | 10-12 | 13-15 | 16-18 || total
-------------------------+-------+-------+-------+-------+-------+-------++-------
Melee: Quarterstaff      |    86 |   135 |   321 |   542 |    74 |       ||  1158
       Lajatang          |       |       |       |   154 |  1417 |  1217 ||  2788
Invok: Heroism           |       |       |     3 |    10 |    13 |    10 ||    36
       Finesse           |       |       |       |     2 |     3 |     2 ||     7
 Abil: Dig               |       |       |     3 |     9 |    10 |    11 ||    33
       Shaft Self        |       |       |       |     2 |     2 |     1 ||     5
Evoke: Wand              |       |       |    11 |     2 |    12 |     4 ||    29
       Phantom mirror    |       |       |       |     1 |       |       ||     1
  Use: Scroll            |     4 |     6 |     6 |     7 |    21 |    12 ||    56
       Potion            |       |     3 |     5 |     6 |     5 |       ||    19
 Stab: Paralysed         |       |       |    15 |       |       |       ||    15
       Invisible         |       |       |       |     7 |     2 |       ||     9
       Sleeping          |       |       |       |       |       |     3 ||     3
  Eat: Chunk             |       |     4 |     1 |     7 |    11 |     2 ||    25
       Ration            |       |     1 |     3 |     3 |    11 |     8 ||    26
Armor: Scale mail        |    43 |    52 |   101 |       |       |       ||   196
       Ring mail         |       |       |     7 |   206 |   332 |   163 ||   708
       Skin              |       |       |       |    21 |       |       ||    21
Dodge: Dodged            |    30 |    48 |    98 |   212 |   475 |   222 ||  1085
       Deflected         |       |       |       |       |    17 |       ||    17
Block: Shield            |    45 |    89 |   148 |   379 |   625 |    54 ||  1340
       Large shield      |       |       |       |       |       |   795 ||   795
